 Dungeon Crawl Stone Soup version 0.26.0-20-g3ca415f5b8 (webtiles) character file.

Game seed: 10740516091756773398

9160 pkoi the Cleaver (level 11, -8/87 HPs)
             Began as a Minotaur Gladiator on Jan 25, 2021.
             Was a High Priest of Ru.
             Mangled by a two-headed ogre
             ... wielding a +0 giant club
              (14 damage)
             ... on level 10 of the Dungeon.
             The game lasted 00:11:24 (13733 turns).

pkoi the Cleaver (Minotaur Gladiator)              Turns: 13733, Time: 00:11:25

Health: -8/87      AC: 12    Str: 22    XL:     11   Next: 19%
Magic:  10/10      EV: 11    Int:  5    God:    Ru [*****.]
Gold:   520        SH:  0    Dex: 12    Spells: 10/10 levels left

rFire    . . .     SeeInvis .   a - +1 war axe
rCold    . . .     Faith    .   (no shield)
rNeg     + . .     Spirit   .   u - +3 scale mail {rN+}
rPois    .         Reflect  .   c - +1 hat
rElec    .         Harm     .   (no cloak)
rCorr    .         Rampage  .   (no gloves)
Will     +....                  (no boots)
Stlth    ..........             m - amulet of magic regeneration
HPRegen  0.24/turn              n - ring of willpower
MPRegen  0.37/turn              I - ring of flight

@: no status effects
A: retaliatory headbutt, horns 2, frail 1, hated by all, unskilled 1
a: Renounce Religion, Evoke Flight, Draw Out Power, Power Leap, Apocalypse


You were on level 10 of the Dungeon.
You worshipped Ru.
Ru was extremely pleased with you.
You visited 2 branches of the dungeon, and saw 12 of its levels.

You collected 520 gold pieces.

Inventory:

Hand Weapons
 a - a +1 war axe (weapon)
 y - the +6 rapier of Patience {venom, Str+2}
   (You found it on level 7 of the Dungeon)

   It poisons the flesh of those it strikes.
   It affects your strength (+2).
Missiles
 d - 5 throwing nets (quivered)
 i - 14 boomerangs
 k - 3 silver javelins
 v - 21 poisoned darts
 z - 5 curare-tipped darts
Armour
 b - a +0 leather armour
 c - a +1 hat (worn)
 u - a +3 scale mail of positive energy (worn)
Jewellery
 m - an amulet of magic regeneration (around neck)
 n - a ring of willpower (left hand)
 r - an uncursed ring of fire
 w - an uncursed ring of resist corrosion
 x - an uncursed ring of wizardry {unknown}
 I - a ring of flight (right hand)
Wands
 s - a wand of flame (94)
 t - a wand of paralysis (6)
 D - a wand of acid (7)
 G - a wand of polymorph (5)
Scrolls
 e - 4 scrolls of remove curse
 h - 5 scrolls of teleportation
 j - 7 scrolls of identify
 p - 5 scrolls of blinking
 q - 2 scrolls of magic mapping
 C - a scroll of enchant weapon
 E - a scroll of fear
 H - a scroll of enchant armour
Potions
 f - 2 potions of brilliance
 g - 2 potions of berserk rage
 l - 5 potions of curing
 o - 2 potions of haste
 A - a potion of mutation
 B - a potion of flight
 F - 3 potions of heal wounds


   Skills:
 + Level 9.5 Fighting
 + Level 12.4 Axes
 - Level 6.0 Throwing
 + Level 9.2 Armour
 - Level 3.0 Dodging
 + Level 0.3 Evocations


You had 10 spell levels left.
You didn't know any spells.
Your spell library contained the following spells:

 Spells                   Type           Power        Failure   Level
 Freeze                   Ice            0%           77%         1
 Magic Dart               Conj           0%           77%         1
 Sandblast                Erth           0%           77%         1
 Passwall                 Tmut/Erth      0%           88%         2
 Searing Ray              Conj           0%           88%         2
 Dazzling Flash           Conj/Hex       0%           98%         3
 Frozen Ramparts          Ice            0%           98%         3
 Ozocubu's Armour         Ice            0%           98%         3
 Stone Arrow              Conj/Erth      0%           98%         3
 Fulminant Prism          Conj/Hex       0%           100%        4
 Hailstorm                Conj/Ice       0%           100%        4
 Iskenderun's Mystic Bla  Conj/Tloc      0%           100%        4
 Petrify                  Tmut/Erth      0%           100%        4
 Lee's Rapid Deconstruct  Erth           0%           100%        5
 Summon Ice Beast         Ice/Summ       Unusable     N/A         4

Dungeon Overview and Level Annotations

Branches:
Dungeon (11/15)            Temple (1/1) D:7            Lair (0/6) D:11
    Orc: D:9-12

Altars:
Ashenzari
Cheibriados
Dithmenos
Elyvilon
Fedhas
Gozag
Hepliaklqana
Kikubaaqudgha
Makhleb
Nemelex Xobeh
Okawaru
Qazlal
Ru
Sif Muna
Trog
Uskayaw
Vehumet
Wu Jian
Xom
Yredelemnul
Zin
The Shining One

Shops:
D:7 :   D:8 !   D:9 }

Annotations:
D:2 1 runed translucent door, Crazy Yiuf
D:9 3 runed translucent doors, exclusion: orange crystal statue
D:10 2 runed translucent doors


Innate Abilities, Weirdness & Mutations

You reflexively headbutt those who attack you in melee.
You have a pair of horns on your head.
You are frail. (-10% HP)
You are hated by all.
You are somewhat unskilled. (-1 Apt)


Message History

The deep elf mage blinks!
The two-headed ogre hits you with a +0 giant club!
The two-headed ogre hits you with a cursed -2 giant club!
You climb upwards.
Level annotation: 2 runed translucent doors
There is a stone staircase leading down, spattered with blood here.
You see here a wand of random effects (32).
Unknown command.
You hit the two-headed ogre.
The two-headed ogre is heavily wounded.
The two-headed ogre hits you with a +0 giant club!!
* * * LOW HITPOINT WARNING * * *
The two-headed ogre hits you with a cursed -2 giant club.
* * * LOW HITPOINT WARNING * * *
You hit the two-headed ogre. You headbutt the two-headed ogre.
The two-headed ogre is severely wounded.
The two-headed ogre hits you with a +0 giant club!
* * * LOW HITPOINT WARNING * * *
The two-headed ogre hits you with a cursed -2 giant club!
You die...

#.#####.# #.# #.......# #.#
#######.## #.# #...#### #.#
#......# #.# #.(.##.# #.# ##
##.###.# #.# .## #.###.# #.#
..#############.@...# #.#
................O#### #.#
...#########..#..###### #.#
...########...........# #.#
......[.....#########.#######.#
...#######..#≈≈#DD..#.........#
....# #..#≈≈#D.⌠$#..########
...(## #..####....#..# .(...#
##.+.D)[...+..#


You could see 2 fire dragons, an ice dragon and a two-headed ogre.

Vanquished Creatures
  A boulder beetle (D:10)
  A two-headed ogre (D:9)
  A manticore (D:11)
  3 trolls
  A hornet (D:10)
  Grinder (D:3)
  A wraith (D:10)
  12 yaks
  A wyvern (D:11)
  A basilisk (D:11)
  Grum (D:11)
  Menkaure (D:6)
  3 orc warriors
  2 sky beasts
  A black bear (D:6)
  3 phantoms
  4 centaurs
  7 ogres
  4 wolves (D:11)
  4 bullfrogs
  2 scorpions
  2 vampire bats (D:3)
  2 howler monkeys
  2 centaur zombies
  2 jellies (D:8)
  2 bullfrog zombies
  4 hounds
  5 orc priests
  A gnoll shaman (D:9)
  2 orc wizards (D:8)
  2 centaur skeletons
  8 iguanas
  Terence (D:2)
  Natasha (thrice) (D:2)
  6 worker ants
  A howler monkey zombie (D:6)
  3 adders
  11 gnolls
  2 howler monkey skeletons
  2 shadow imps
  2 white imps
  2 ufetubi
  2 oozes
  An adder skeleton (D:6)
  2 adder zombies
  4 worms
  5 dart slugs
  7 leopard geckos
  31 orcs
  15 bats
  4 bat skeletons (D:3)
  2 bat zombies (D:3)
  7 giant cockroaches
  10 hobgoblins
  10 jackals
  11 kobolds
  3 quokkas
  2 ball pythons
  7 frilled lizards
  4 goblins
  A quokka skeleton (D:8)
  10 rats
258 creatures vanquished.

Vanquished Creatures (others)
  An orc warrior (D:11)
  A black bear (D:11)
  A water moccasin zombie (D:9)
  An orc (D:11)
4 creatures vanquished.

Grand Total: 262 creatures vanquished

Notes
Turn   | Place    | Note
-------+----------+-------------------------------------------
     0 | D:1      | pkoi the Minotaur Gladiator began the quest for the Orb.
     0 | D:1      | Reached XP level 1. HP: 18/18 MP: 0/0
    85 | D:1      | Reached skill level 4 in Axes
    86 | D:1      | Reached XP level 2. HP: 21/25 MP: 1/1
   362 | D:1      | Reached skill level 5 in Axes
   502 | D:1      | Reached XP level 3. HP: 30/30 MP: 2/2
  1040 | D:2      | Found a runed translucent door.
  1041 | D:2      | Noticed Crazy Yiuf
  1144 | D:2      | Noticed Natasha
  1156 | D:2      | Killed Natasha
  1157 | D:2      | Reached skill level 6 in Axes
  1157 | D:2      | Reached XP level 4. HP: 10/37 MP: 3/3
  1509 | D:2      | Found a sacrificial altar of Ru.
  1509 | D:2      | Noticed Terence
  1519 | D:2      | Killed Terence
  1614 | D:2      | Noticed Natasha
  1621 | D:2      | Killed Natasha
  1749 | D:2      | Reached XP level 5. HP: 42/42 MP: 4/4
  1780 | D:2      | Reached skill level 7 in Axes
  2336 | D:2      | Noticed Natasha
  2339 | D:2      | Killed Natasha
  2423 | D:2      | Became a worshipper of Ru the Awakened
  2661 | D:3      | Noticed Grinder
  2679 | D:3      | Killed Grinder
  2680 | D:3      | Reached skill level 9 in Axes
  2680 | D:3      | Reached XP level 6. HP: 34/50 MP: 5/5
  3305 | D:3      | Found an ancient bone altar of Kikubaaqudgha.
  3415 | D:4      | Reached XP level 7. HP: 51/56 MP: 6/6
  3822 | D:4      | Reached skill level 1 in Armour
  4095 | D:4      | Found a snail-covered altar of Cheibriados.
  4122 | D:4      | Found a glowing golden altar of the Shining One.
  4319 | D:5      | Entered Level 5 of the Dungeon
  4469 | D:5      | Reached skill level 10 in Axes
  4860 | D:5      | Reached XP level 8. HP: 66/66 MP: 7/7
  4939 | D:5      | Found a burning altar of Makhleb.
  5020 | D:6      | Noticed Menkaure
  5026 | D:6      | Killed Menkaure
  5589 | D:6      | Gained mutation: You are somewhat unskilled. (-1 Apt) [Ru
                  | sacrifice]
  5589 | D:6      | Reduced skill Axes to level 9
  5589 | D:6      | Reached * piety under Ru
  5816 | D:6      | Found a shimmering altar of Xom.
  6048 | D:7      | Got a smoking rapier
  6049 | D:7      | Identified the +6 rapier of Patience {venom, Str+2} (You
                  | found it on level 7 of the Dungeon)
  6506 | D:7      | Reached skill level 5 in Fighting
  6736 | D:7      | Reached skill level 10 in Axes
  6891 | D:7      | Found Huekhab's Book Shoppe.
  6982 | D:7      | Found a staircase to the Ecumenical Temple.
  7221 | Temple   | Entered the Ecumenical Temple
  7468 | D:8      | Found a blossoming altar of Fedhas.
  7506 | D:8      | Reached XP level 9. HP: 74/74 MP: 8/8
  7639 | D:8      | Reached skill level 5 in Armour
  7763 | D:8      | Found Ostuymm's Distillery.
  7831 | D:8      | Found a basalt altar of Yredelemnul.
  7933 | D:8      | Gained mutation: You are hated by all. [Ru sacrifice]
  7933 | D:8      | Reached ** piety under Ru
  7933 | D:8      | Reached *** piety under Ru
  8260 | D:8      | Reached skill level 5 in Throwing
  8549 | D:8      | Found a hazy altar of Hepliaklqana.
  8759 | D:9      | Noticed a troll
  9088 | D:9      | Killed a troll
  9268 | D:9      | Found a runed translucent door.
  9273 | D:9      | Noticed an orange crystal statue
  9283 | D:9      | Found a runed translucent door.
  9475 | D:9      | Found a runed translucent door.
  9505 | D:9      | Found a runed translucent door.
  9541 | D:9      | Noticed a two-headed ogre
  9550 | D:9      | Killed a two-headed ogre
  9641 | D:9      | Found a sparkling altar of Nemelex Xobeh.
  9641 | D:9      | Found an iron altar of Okawaru.
  9715 | D:9      | Found Maineul's Gadget Boutique.
  9862 | D:9      | HP: 2/79 [ogre/+0 giant spiked club (15)]
 10316 | D:10     | Entered Level 10 of the Dungeon
 10321 | D:10     | Reached XP level 10. HP: 86/86 MP: 9/9
 10340 | D:10     | Reached skill level 11 in Axes
 11215 | D:10     | Found a runed translucent door.
 11215 | D:10     | Noticed an ice dragon
 11215 | D:10     | Noticed a fire dragon
 11216 | D:10     | Found the +2 shield of Resistance {rF++ rC++ Will++}
 11216 | D:10     | Noticed an ice dragon
 11216 | D:10     | Noticed a fire dragon
 11309 | D:10     | Found a runed translucent door.
 11619 | D:11     | Noticed a manticore
 11631 | D:11     | Killed a manticore
 11638 | D:11     | Gained mutation: You are frail. (-10% HP) [Ru sacrifice]
 11638 | D:11     | Reached **** piety under Ru
 11638 | D:11     | Reached ***** piety under Ru
 11794 | D:11     | Reached skill level 12 in Axes
 12083 | D:11     | Noticed an elephant
 12084 | D:11     | Found a staircase to the Lair.
 12292 | D:11     | Reached XP level 11. HP: 53/87 MP: 10/10
 12297 | D:11     | Noticed Grum
 12638 | D:11     | Noticed a boulder beetle
 12867 | D:10     | HP: 1/87 [boulder beetle (17)]
 12868 | D:10     | Killed a boulder beetle
 13236 | D:11     | Killed Grum
 13423 | D:11     | Noticed a two-headed ogre
 13426 | D:11     | Noticed a deep elf mage
 13733 | D:10     | Mangled by a two-headed ogre

Illustrated notes

Levels and vault maps discovered:
D:1:      dpeg_arrival_houses_and_road, layout_rooms, minmay_octomino_j4
D:2:      layout_loops_cross, general_overflow_altar, uniq_natasha,
          uniq_terence, uniq_crazy_yiuf_cottage
D:3:      layout_basic, kennysheep_vampire_church, uniq_grinder
D:4:      layout_basic, kennysheep_mini, tso_altar, serial_glass,
          glass_columns_b, glass_columns_c, minmay_misc_feat_hallway,
          minmay_misc_feat_x
D:5:      layout_cave_pools, kennysheep_mini_moat
D:6:      layout_loops_ring, overflow_temple_1_default, uniq_menkaure
D:7:      layout_cave_pods, temple_green, serial_shops, shop
D:8:      layout_cave_pods, nzn_hepliaklqana_mist_gate,
          yredelemnul_altar_generic, marbit_many_paths, serial_shops, shop,
          nicolae_underground_beach
D:9:      layout_roguey, nicolae_overflow_hidden_temple, serial_shops, shop,
          minmay_statue_crystal_thing
D:10:     layout_loops_ring, minmay_misc_feat_pillars,
          minmay_guarded_unrand_resistance
D:11:     layout_roguey, david_lair_generic,
          hangedman_abyss_or_decor_lesser_grid, uniq_grum, uniq_sonja
Temple:   minmay_temple_curvy_loop

Skill      XL: |  1  2  3  4  5  6  7  8  9 10 11 |
---------------+----------------------------------+-----
Axes           | 4 5 6 9 10 10 12 | 12.4
Armour         | 3 4 6 8 9 |  9.2
Fighting       | 4 5 7 9 |  9.5
Throwing       | 3 4 5 6 |  6.0
Dodging        | |  3.0
Evocations     | |  0.3

Action                   |  1- 3 |  4- 6 |  7- 9 | 10-12 || total
-------------------------+-------+-------+-------+-------++-------
Melee: War axe           |    79 |   123 |   140 |    53 ||   395
       Headbutt          |     6 |    15 |    65 |    52 ||   138
       Rapier            |       |       |   169 |   153 ||   322
Invok: Sacrifice Skill   |       |       |     1 |       ||     1
       Sacrifice Love    |       |       |     1 |       ||     1
       Sacrifice Health  |       |       |       |     1 ||     1
Evoke: Wand              |       |       |       |     1 ||     1
  Use: Scroll            |       |    11 |     5 |       ||    16
       Potion            |       |     5 |     4 |       ||     9
 Stab: Invisible         |       |       |     1 |     2 ||     3
       Distracted        |       |       |     1 |       ||     1
Armor: Leather armour    |    15 |     4 |       |       ||    19
       Scale mail        |       |    42 |   134 |    73 ||   249
Dodge: Dodged            |    68 |    69 |   187 |   114 ||   438
